 Dungeon Crawl Stone Soup version 0.30-a0-881-g1ff12e1e11 (webtiles) character file.

Game seed: 7762894605239552182

81 BlueFish the Sneak (level 4, -2/32 HPs)
             Began as a Vampire Enchanter on Mar 12, 2023.
             Killed from afar by Natasha (14 damage)
             ... with a puff of flame
             ... on level 2 of the Dungeon on Mar 14, 2023.
             The game lasted 00:03:11 (1065 turns).

BlueFish the Sneak (Vampire Enchanter)              Turns: 1065, Time: 00:03:11

Health: -2/32      AC:  3    Str:  7    XL:     4   Next: 19%
Magic:  1/7        EV: 13    Int: 17    God:
Gold:   84         SH:  0    Dex: 16    Spells: 2/7 levels left

rFire   . . .      SeeInvis +    j - +0 short sword
rCold   . . .      Faith    .    (no shield)
rNeg    . . .      Spirit   .    b - +0 robe
rPois   .          Reflect  .    (no helmet)
rElec   .          Rampage  .    (no cloak)
rCorr   .                        k - +0 pair of gloves
Will    .....                    (no boots)
Stlth   +++                      (no amulet)
HPRegen 0.45/turn                (no ring)
MPRegen 0.10/turn                (no ring)

@: healing quickly
A: alive, fangs 3, see invisible, vampiric 2
a: Exsanguinate


You were on level 2 of the Dungeon.
You visited 1 branch of the dungeon, and saw 2 of its levels.

You collected 84 gold pieces.

Inventory:

Hand Weapons
 a - a +1 dagger
 j - a +0 short sword (weapon)
Armour
 b - a +0 robe (worn)
 k - a +0 pair of gloves (worn)
Scrolls
 e - 2 scrolls of identify {unknown}
 f - a scroll of vulnerability {unknown}
 l - 2 scrolls of teleportation {unknown}
 m - a scroll of silence {unknown}
 o - a scroll of enchant weapon {unknown}
Potions
 c - 2 potions of invisibility
 d - a potion of attraction {unknown}
 g - a potion of might {unknown}
 h - 2 potions of lignification {unknown}
 i - 2 potions of mutation {unknown}
 n - 2 potions of heal wounds {unknown}


   Skills:
 + Level 1.2 Fighting
 + Level 1.9 Short Blades
 + Level 0.9 Armour
 + Level 2.6 Dodging
 + Level 5.1 Stealth
 + Level 2.3 Spellcasting
 + Level 4.9 Hexes


You had 2 spell levels left.
You knew the following spells:

 Your Spells              Type           Power      Damage    Failure   Level
a - Ensorcelled Hibernat  Hex/Ice        20%        N/A       11%         2
b - Confusing Touch       Hex            18%        N/A       8%          3

Your spell library contained the following spells:

 Spells                   Type           Power      Damage    Failure   Level
 Static Discharge         Conj/Air       2%         2-3/arc   28%         2
 Tukima's Dance           Hex            18%        N/A       8%          3
 Dazzling Flash           Conj/Hex       20%        N/A       21%         3
 Vhi's Electric Charge    Tloc/Air       2%         N/A       50%         3
 Arcjolt                  Conj/Air       0%         1d10      99%         5
 Lightning Bolt           Conj/Air       0%         1d11      99%         5


Dungeon Overview and Level Annotations

Branches:
Dungeon (2/15)

Altars:

Annotations:
D:2 Natasha


Innate Abilities, Weirdness & Mutations

Your natural rate of healing is accelerated.
You have razor-sharp teeth.
You have supernaturally acute eyesight. (SInv)
You are afflicted with vampirism and can become a bat while bloodless.


Message History

Confirm with . or Enter, or press ? or * to list all spells.
Aiming: Ensorcelled Hibernation (safe; 11% risk of failure)
Press: ? - help, Shift-Dir - straight line, f - Natasha
Aim: Natasha, carrying a wand of flame (15) (chance to affect: 44%) Natasha resists with some effort.
Natasha mumbles some strange words.
Casting: Ensorcelled Hibernation (safe; 11% risk of failure)
Confirm with . or Enter, or press ? or * to list all spells.
Aiming: Ensorcelled Hibernation (safe; 11% risk of failure)
Press: ? - help, Shift-Dir - straight line, f/p - Natasha
Aim: Natasha, carrying a wand of flame (15) (chance to affect: 44%) Natasha resists with some effort.
Natasha mumbles some strange words.
You feel troubled.
Natasha zaps a wand.
The puff of flame hits you.
The crimson imp laughs crazily.
Casting: Ensorcelled Hibernation (safe; 11% risk of failure)
Confirm with . or Enter, or press ? or * to list all spells.
Aiming: Ensorcelled Hibernation (safe; 11% risk of failure)
Press: ? - help, Shift-Dir - straight line, f/p - Natasha
Aim: Natasha, carrying a wand of flame (14) (chance to affect: 44%) Natasha resists with some effort.
Natasha claws you. The crimson imp closely misses you.
You barely miss Natasha.
Natasha zaps a wand.
The puff of flame misses you.
You hit Natasha. You bite Natasha.
Natasha is moderately wounded.
The crimson imp blinks!
You hit Natasha.
Natasha is moderately wounded.
Natasha zaps a wand.
The puff of flame hits you!
You closely miss Natasha.
Natasha is moderately wounded.
Natasha completely misses you.
j - a +0 short sword (weapon)
Natasha casts a spell at you. The magic dart hits you.
You hit Natasha.
Natasha is heavily wounded.
Natasha zaps a wand.
The puff of flame hits you!
You die...

...# #.... #.... #
#.... .... .. #....
#.. .###.#.# ######.#
....#.# #......##
#..#.###.##....#
...###..#.....##....#
....|..@.....>......#
...###.h[#####......#
#....5###.......#
#............####
#............#
#..[#....#...#
##.....(.....#
#[...##†....##
......##......#


You could see Natasha and a crimson imp (summoned).

Vanquished Creatures
  Natasha (twice) (D:2)
  A dart slug (D:2)
  5 ball pythons
  2 endoplasms (D:1)
  4 goblins (D:1)
  5 hobgoblins
  4 bats (D:1)
  2 frilled lizards
  3 kobolds (D:2)
  A rat (D:1)
29 creatures vanquished.

Notes
Turn   | Place    | Note
-------+----------+-------------------------------------------
     0 | D:1      | BlueFish the Vampire Enchanter began the quest for the Orb.
     0 | D:1      | Reached XP level 1. HP: 13/13 MP: 3/3
    11 | D:1      | Upgraded the game from 0.30-a0-870-gc5d4c5acee to
                  | 0.30-a0-881-g1ff12e1e11
   118 | D:1      | Reached XP level 2. HP: 18/20 MP: 5/5
   121 | D:1      | Learned a level 2 spell: Ensorcelled Hibernation
   141 | D:1      | You fall into a shaft and drop 1 floor!
   260 | D:2      | Noticed Natasha
   278 | D:2      | Killed Natasha
   279 | D:2      | Gained mutation: You are afflicted with vampirism and can
                  | become a bat while bloodless. [Vampire growth]
   279 | D:2      | Reached XP level 3. HP: 25/25 MP: 6/6
   283 | D:2      | Learned a level 3 spell: Confusing Touch
   532 | D:1      | Reached skill level 1 in Fighting
   974 | D:2      | Noticed Natasha
   981 | D:2      | Killed Natasha
   982 | D:2      | Reached skill level 5 in Stealth
   982 | D:2      | Reached XP level 4. HP: 25/32 MP: 4/7
  1053 | D:2      | Noticed Natasha
  1065 | D:2      | Killed from afar by Natasha

Illustrated notes

Levels and vault maps discovered:
D:1:      minmay_arrival_wavy_path, layout_loops_ring
D:2:      layout_basic, skrybe_limestone_x, serial_park_tiny_pond, uniq_natasha

Skill      XL: |  1  2  3 |
---------------+----------+-----
Fighting       | 1 |  1.2
Stealth        | 5 |  5.1
Short Blades   | |  1.9
Armour         | |  0.9
Dodging        | |  2.6
Spellcasting   | |  2.3
Hexes          | |  4.9

Action                     |  1- 3 |  4- 6 || total
---------------------------+-------+-------++-------
  Melee: Dagger            |    76 |     7 ||    83
         Bite              |     4 |     1 ||     5
         Short sword       |       |     1 ||     1
   Cast: Ensorcelled Hiber |     2 |     4 ||     6
   Stab: Sleeping          |     9 |     1 ||    10
 Armour: Robe              |    18 |       ||    18
  Dodge: Dodged            |    36 |     3 ||    39

Table legend: (Time is in decaauts)
 A = Elapsed time spent in this place.
 B = Non-inter-level travel time spent in this place.
 C = Inter-level travel time spent in this place.
 D = Time resting spent in this place.
 E = Time spent auto-exploring this place.
 F = Levels seen in this place.
 G = Mean time per level.
                   A        B        C        D        E       F      G
               +--------+--------+--------+--------+--------+-----+--------+
         Total |   1058 |   1033 |     25 |     12 |    678 |   2 |  529.0 |
       Dungeon |   1058 |   1033 |     25 |     12 |    678 |   2 |  529.0 |
               +--------+--------+--------+--------+--------+-----+--------+

Top non-repeatable levels by time:
     D:1: 728 daAuts
     D:2: 330 daAuts
